 Dungeon Crawl Stone Soup version 0.22-a0-149-g870e420 (webtiles) character file.

126 tof the Covered (level 4, -2/42 HPs)
             Began as a Deep Dwarf Fighter on Feb 7, 2018.
             Slain by a sky beast (4 damage)
             ... on level 3 of the Dungeon.
             The game lasted 00:05:07 (2378 turns).

tof the Covered (Deep Dwarf Fighter)                Turns: 2378, Time: 00:05:08

Health: -2/42      AC:  3    Str: 19    XL:     4   Next: 84%
Magic:  3/3        EV:  8    Int:  9    God:
Gold:   131        SH:  9    Dex: 13    Spells: 3/3 levels left

rFire    . . .     SeeInvis .   a - +0 flail
rCold    . . .     Gourm    .   c - +0 shield
rNeg     + . .     Faith    .   q - +0 leather armour {rN+}
rPois    .         Spirit   .   (no helmet)
rElec    .         Reflect  .   (no cloak)
rCorr    .         Harm     .   (no gloves)
MR       .....                  (no boots)
Stlth    ..........             (no amulet)
HPRegen  0.00/turn              t - ring of loudness (curse)
MPRegen  0.08/turn              (no ring)

@: non-regenerating
A: damage resistance, heal wounds, sense surroundings 1, no regeneration
a: Heal Wounds


You were on level 3 of the Dungeon.
You were not hungry.

You visited 1 branch of the dungeon, and saw 3 of its levels.

You collected 131 gold pieces.

Inventory:

Hand Weapons
 a - a +0 flail (weapon)
Missiles
 m - 78 stones (quivered)
Armour
 b - a +0 scale mail
 c - a +0 shield (worn)
 q - a +0 leather armour of positive energy (worn)
Jewellery
 t - a cursed ring of loudness (left hand)
Scrolls
 e - 2 scrolls of blinking {unknown}
 g - 2 scrolls of identify {unknown}
 i - a scroll of magic mapping {unknown}
 k - 2 scrolls of teleportation {unknown}
 l - a scroll of amnesia {unknown}
 p - a scroll of enchant armour {unknown}
 r - a scroll of fear {unknown}
Potions
 d - 2 potions of might
 j - 2 potions of curing {unknown}
 n - a potion of heal wounds {unknown}
 o - a potion of degeneration {unknown}
Miscellaneous
 s - a lightning rod (4/4)
Comestibles
 f - 3 rations
 h - 2 chunks of flesh


   Skills:
 + Level 3.3 Fighting
 * Level 3.5 Maces & Flails
 + Level 4.0 Armour
 + Level 4.0 Shields


You had 3 spell levels left.
You didn't know any spells.

Dungeon Overview and Level Annotations

Branches:
Dungeon (3/15)

Altars:
Fedhas


Innate Abilities, Weirdness & Mutations

You are resistant to damage.
You can heal yourself by infusing magical energy.
You passively map a small area around you.
You do not regenerate.


Message History

You closely miss something. Something hits you. Something shocks you.
Something hits you but does no damage.
You hit something. You block something's attack.
You miss something. Something hits you. Something shocks you.
You barely miss something. Something hits you.
* * * LOW HITPOINT WARNING * * *
Something shocks you.
* * * LOW HITPOINT WARNING * * *
Something hits you.
* * * LOW HITPOINT WARNING * * *
Something shocks you.
* * * LOW HITPOINT WARNING * * *
You barely miss something. Something hits you but does no damage.
You thump something!
A sky beast appears from thin air!
Reactivating autopickup.
You block the sky beast's attack.
You hit the sky beast but do no damage.
The sky beast is almost dead.
The sky beast hits you. The sky beast shocks you.
You die...

####....# ,
,* ##.#.# ,
*. * #####.#
.. ** #.....#
, #..,
#.##### *
#..( * #.#
....( #.# ,,
#....(####.#
,......Y@...#
*
.....#######
, #.. # ,** ,
* * *


You could see a sky beast.

Vanquished Creatures
  A howler monkey zombie (D:3)
  2 adders (D:2)
  2 oozes
  2 worms (D:2)
  4 dart slugs
  A leopard gecko (D:3)
  2 orcs (D:3)
  A ball python (D:3)
  4 giant cockroaches
  8 goblins
  4 hobgoblins
  4 jackals (D:1)
  10 kobolds
  A quokka (D:2)
  10 bats
  4 frilled lizards
  9 rats
69 creatures vanquished.

Notes
Turn   | Place    | Note
-------+----------+-------------------------------------------
     0 | D:1      | tof the Deep Dwarf Fighter began the quest for the Orb.
     0 | D:1      | Reached XP level 1. HP: 20/20 MP: 1/1
   102 | D:1      | Reached XP level 2. HP: 25/27 MP: 2/2
   734 | D:1      | Reached XP level 3. HP: 20/34 MP: 3/3
   900 | D:2      | Found a blossoming altar of Fedhas.
  1341 | D:2      | Reached XP level 4. HP: 14/42 MP: 4/4
  2364 | D:3      | Noticed a sky beast
  2375 | D:3      | HP: 2/42 [something (4)]
  2378 | D:3      | Slain by a sky beast

Vault maps used:
D:1:      lemuel_arrival_rhombus
D:2:      lemuel_doored_altar, first_ration, minmay_misc_feat_diagonals,
          grunt_decor_clamped
D:3:      minmay_checkerbox

Skill      XL: |  1  2  3  4 |
---------------+-------------+-----
Fighting       | 3 |  3.3
Maces & Flails | 3 |  3.5
Armour         | 4 |  4.0
Shields        | 4 |  4.0

Action                   |  1- 3 |  4- 6 || total
-------------------------+-------+-------++-------
Melee: Flail             |   175 |    76 ||   251
Throw: Stone             |    32 |    51 ||    83
 Abil: Heal Wounds       |       |     2 ||     2
  Eat: Chunk             |     2 |     3 ||     5
Armor: Scale mail        |   106 |     1 ||   107
       Leather armour    |       |    14 ||    14
Dodge: Dodged            |    66 |    20 ||    86
Block: Shield            |   112 |    30 ||   142

Table legend:
 A = Spawn XP
 B = Non-spawn XP
 C = Spawn XP percentage of total XP
 D = Spawn monster count
 E = Non-spawn monster count
 F = Spawn count percentage of total count
 G = Total turns spent on level
                    A         B        C        D         E        F      G
               +---------+---------+-------+---------+---------+-------+---------
         Total |       0 |     181 |   0.0 |       0 |      69 |   0.0 |  2378
               +---------+---------+-------+---------+---------+-------+---------
           D:1 |       0 |      42 |   0.0 |       0 |      27 |   0.0 |   840
           D:2 |       0 |      84 |   0.0 |       0 |      25 |   0.0 |   961
           D:3 |       0 |      55 |   0.0 |       0 |      17 |   0.0 |   577
               +---------+---------+-------+---------+---------+-------+---------
